 Dungeon Crawl Stone Soup version 0.22.0-2-ge58baed0e8 (webtiles) character file.

810 Htamos the Sneak (level 7, 0/43 HPs)
             Began as an Octopode Wizard on Aug 12, 2018.
             Slain by a sky beast (6 damage)
             ... on level 6 of the Dungeon.
             The game lasted 00:31:39 (7239 turns).

Htamos the Sneak (Octopode Wizard)                  Turns: 7239, Time: 00:31:40

Health: 0/43       AC:  2    Str:  7    XL:     7   Next: 92%
Magic:  0/13       EV: 14    Int: 22    God:
Gold:   291        SH:  0    Dex: 10    Spells: 8/14 levels left

rFire    . . .     SeeInvis .   f - +1 spear
rCold    . . .     Gourm    .   (no shield)
rNeg     . . .     Faith    .   v - +1 hat
rPois    .         Spirit   .   (no amulet)
rElec    .         Reflect  .   j - ring of protection from magic
rCorr    .         Harm     .   m - ring of protection from magic
MR       ++...                  (no ring)
Stlth    ++++......             (no ring)
HPRegen  0.14/turn              (no ring)
MPRegen  0.13/turn              (no ring)
                                (no ring)
                                (no ring)

@: no status effects
A: almost no armour, stealthy swim, amphibious, 8 rings, constrict 8, camouflage
1, gelatinous body 1
a: no special abilities


You were on level 6 of the Dungeon.
You were near starving.

You visited 1 branch of the dungeon, and saw 6 of its levels.

You collected 291 gold pieces.

Inventory:

Hand Weapons
 e - a +0 short sword
 f - a +1 spear (weapon)
 k - a cursed -1 whip
 y - a +0 shortbow
Missiles
 b - 113 stones (quivered)
 d - 21 sling bullets
 t - 4 tomahawks
 B - 43 arrows
Armour
 a - a +0 hat
 v - a +1 hat (worn)
Jewellery
 g - an uncursed ring of see invisible {unknown}
 j - a ring of protection from magic (left tentacle)
 m - a ring of protection from magic (right tentacle)
 p - a +2 ring of evasion {unknown}
 u - a +5 ring of dexterity {unknown}
Wands
 x - a wand of flame (26)
Scrolls
 q - a scroll of amnesia
 r - 2 scrolls of identify
 s - a scroll of immolation
 w - 2 scrolls of silence {unknown}
 D - a scroll of enchant armour {unknown}
Potions
 h - 2 potions of lignification {unknown}
 l - 3 potions of haste {unknown}
 n - 2 potions of flight {unknown}
 o - a potion of might {unknown}
 z - a potion of agility {unknown}
 C - 2 potions of brilliance {unknown}
Comestibles
 c - 4 rations


   Skills:
 + Level 1.1 Fighting
 + Level 3.2 Throwing
 + Level 4.1 Dodging
 + Level 5.5 Stealth
 + Level 4.1 Spellcasting
 * Level 4.3 Conjurations
   Level 1.0 Summonings
 - Level 1.6 Translocations
 + Level 1.0 Fire Magic


You had 8 spell levels left.
You knew the following spells:

 Your Spells              Type           Power        Failure   Level  Hunger
a - Magic Dart            Conj           ###.         1%          1    None
b - Blink                 Tloc           N/A          9%          2    #......
c - Conjure Flame         Conj/Fire      ###.....     11%         3    ##.....

Your spell library contained the following spells:

 Spells                   Type           Power        Failure   Level  Hunger
 Slow                     Hex            #.......     17%         2    #......
 Mephitic Cloud           Conj/Pois/Air  ##......     19%         3    ##.....
 Call Imp                 Summ           #.......     11%         2    #......


Dungeon Overview and Level Annotations

Branches:
Dungeon (6/15)
 Temple: D:4-7

Altars:
Yredelemnul

Annotations:
D:1 exclusion: downstairs
D:3 exclusion: 2 downstairs
D:4 Sigmund
D:5 Edmund
D:6 Dowan


Innate Abilities, Weirdness & Mutations

You cannot wear most types of armour.
You are very stealthy in the water. (Stealth+)
You are amphibious.
You can wear up to eight rings at the same time.
You can use your tentacles to constrict eight enemies at once.
Your skin changes colour to match your surroundings (Stealth+).
Your rubbery body absorbs attacks. (AC +1, EV +1)


Message History

Aim: a sky beast (almost dead)
The magic dart hits the sky beast.
The sky beast is almost dead.
* * * LOW MAGIC WARNING * * *
The sky beast hits you.
* * * LOW HITPOINT WARNING * * *
The sky beast shocks you.
* * * LOW HITPOINT WARNING * * *
Casting: Magic Dart (safe; 1% risk of failure)
Confirm with . or Enter, or press ? or * to list all spells.
Aiming: Magic Dart (safe; 1% risk of failure)
Press: ? - help, Shift-Dir - straight line, f/p - sky beast
Aim: a sky beast (almost dead)
The magic dart hits the sky beast.
The sky beast is almost dead.
* * * LOW MAGIC WARNING * * *
The sky beast hits you.
* * * LOW HITPOINT WARNING * * *
The sky beast shocks you.
You die...

.....#.........#..........#'#####
..............##.#.#.###.........
####..........##≈#.#.# #.........
# #..........##.#.#.# #.........
# #..........##.#.#.# #.........
#..........##.#.#.# #.........
####..........##.#...# #.........
..##..........##Y##..# #.........
..###########.##@##..###.........
..# #[##.###.....##+##### ..#
#########.#...§.............. ..#
#..÷......######..#.......... ..#
#.######.....##.............. .##
#.# #.....##.............. .# #.#
#.....####............ .# #.#
#..................... .# #.#
#.....#####...........


You could see a sky beast.

Vanquished Creatures
  A phantom (D:4)
  A sky beast (D:6)
  A slave (D:4)
  A centaur (D:6)
  2 bullfrogs (D:6)
  A scorpion (D:6)
  A crimson imp (D:6)
  3 hounds
  A centaur skeleton (D:4)
  2 worker ants (D:6)
  A hound skeleton (D:4)
  9 adders
  2 oozes
  2 dart slugs
  5 leopard geckos
  6 orcs
  8 giant cockroaches
  5 goblins
  5 hobgoblins
  2 jackals (D:1)
  2 quokkas
  A ball python (D:4)
  5 bats
  3 frilled lizards
  4 kobolds
  3 rats
77 creatures vanquished.

Notes
Turn   | Place    | Note
-------+----------+-------------------------------------------
     0 | D:1      | Htamos the Octopode Wizard began the quest for the Orb.
     0 | D:1      | Reached XP level 1. HP: 11/11 MP: 4/4
   307 | D:1      | Reached skill level 1 in Throwing
   307 | D:1      | Reached XP level 2. HP: 11/17 MP: 1/6
   462 | D:1      | Learned a level 2 spell: Blink
  1090 | D:1      | Reached skill level 3 in Stealth
  1103 | D:1      | Reached XP level 3. HP: 21/21 MP: 0/7
  1746 | D:2      | Learned a level 3 spell: Conjure Flame
  2262 | D:2      | Reached XP level 4. HP: 22/27 MP: 0/8
  3792 | D:4      | Reached XP level 5. HP: 25/31 MP: 1/9
  4001 | D:3      | Reached skill level 4 in Stealth
  4683 | D:4      | Noticed a phantom
  4693 | D:4      | Killed a phantom
  4693 | D:4      | Reached XP level 6. HP: 36/36 MP: 6/11
  4709 | D:4      | Noticed Sigmund
  4787 | D:5      | Entered Level 5 of the Dungeon
  4787 | D:5      | Noticed Edmund
  4868 | D:4      | Noticed a slave
  5203 | D:4      | Noticed a slave
  5203 | D:4      | Noticed a slave
  5223 | D:4      | Killed a slave
  5438 | D:4      | You fall through a shaft!
  5508 | D:6      | Found a basalt altar of Yredelemnul.
  5693 | D:6      | Noticed a sky beast
  5826 | D:6      | Killed a sky beast
  5826 | D:6      | Reached skill level 5 in Stealth
  5826 | D:6      | Reached XP level 7. HP: 17/41 MP: 4/12
  6242 | D:6      | Noticed Dowan
  6570 | D:6      | Reached skill level 1 in Fighting
  6773 | D:6      | Reached skill level 1 in Fire Magic
  7239 | D:6      | Slain by a sky beast

Skill      XL: |  1  2  3  4  5  6  7 |
---------------+----------------------+-----
Throwing       | 1 2 3 |  3.2
Stealth        | 3 4 5 |  5.5
Dodging        | 3 4 |  4.1
Conjurations   | 2 3 4 |  4.3
Spellcasting   | 4 |  4.1
Fighting       | 1 |  1.1
Fire Magic     | 1 |  1.0
Summonings     | |  1.0
Translocations | |  1.6

Action                   |  1- 3 |  4- 6 |  7- 9 || total
-------------------------+-------+-------+-------++-------
Melee: Unarmed           |    23 |       |       ||    23
       Constrict         |    12 |     7 |     4 ||    23
       Tentacles         |     4 |     2 |     3 ||     9
       Spear             |    23 |    28 |    22 ||    73
Throw: Stone             |    32 |       |       ||    32
 Cast: Magic Dart        |    54 |   159 |    53 ||   266
       Conjure Flame     |     3 |     2 |     5 ||    10
Evoke: Wand              |       |     7 |     3 ||    10
  Use: Scroll            |     3 |     5 |       ||     8
       Potion            |       |     3 |     1 ||     4
 Stab: Sleeping          |       |       |     1 ||     1
  Eat: Chunk             |     3 |     8 |     4 ||    15
       Ration            |       |     1 |       ||     1
Armor: Skin              |     2 |     5 |     2 ||     9
Dodge: Dodged            |    35 |    67 |    35 ||   137
